 Dungeon Crawl Stone Soup version 0.31-a0-233-g139696dc86 (webtiles) character file.

Game seed: 8028253801865783858

183 qw the Shooter (level 5, -11/45 HPs)
             Began as a Minotaur Hexslinger on July 7, 2023.
             Mangled by a gnoll
             ... wielding a +1 flail of holy wrath
             ... led by a gnoll bouda
              (12 damage)
             ... on level 3 of the Dungeon.
             The game lasted 00:00:57 (2060 turns).

qw the Shooter (Minotaur Hexslinger)                Turns: 2060, Time: 00:00:58

Health: -11/45     AC:  6    Str: 12    XL:     5   Next: 35%
Magic:  5/5        EV: 11    Int: 10    God:
Gold:   146        SH:  5    Dex: 15    Spells: 5/6 levels left

rFire   . . .        Y - +1 sling (flame)
rCold   . . .        (no shield)
rNeg    . . .        d - +0 ring mail
rPois   .            (helmet restricted)
rElec   .            j - +0 cloak
rCorr   .            (no gloves)
SInv    .            (no boots)
Will    .....        e - amulet of reflection
Stlth   +            (no ring)
HPRegen 0.27/turn    (no ring)
MPRegen 0.09/turn

%: reflection
@: weakened
A: horns 2, retaliatory headbutt
a: no special abilities


You were on level 3 of the Dungeon.
You visited 1 branch of the dungeon, and saw 3 of its levels.

You collected 146 gold pieces.


Innate Abilities, Weirdness & Mutations

You have a pair of horns on your head.
You reflexively headbutt those who attack you in melee.


   Skills:
 - Level 3.0 Fighting
 + Level 5.4 Ranged Weapons
 - Level 1.0 Armour
 - Level 2.1 Dodging
 - Level 1.0 Spellcasting
 - Level 2.0 Hexes


You had 5 spell levels left.
You knew the following spells:

 Your Spells              Type           Power      Damage    Failure   Level
a - Slow                  Hex            16%        N/A       34%         1

Your spell library contained the following spells:

 Spells                   Type           Power      Damage    Failure   Level
 Inner Flame              Hex/Fire       2%         N/A       83%         3
 Portal Projectile        Hex/Tloc       4%         N/A       83%         3
 Cause Fear               Hex            2%         N/A       98%         4

Inventory:

Hand Weapons
 Y - a +1 sling of flaming (weapon)
Armour
 d - a +0 ring mail (worn)
 j - a +0 cloak (worn)
Jewellery
 b - a ring of resist corrosion
 e - an amulet of reflection (around neck)
Scrolls
 l - a scroll of identify
Potions
 a - a potion of curing
 c - a potion of might
 f - a potion of heal wounds {unknown}
 g - a potion of cancellation
 k - a potion of mutation {unknown}

Dungeon Overview and Level Annotations

Branches:
Dungeon (3/15)

Altars:


Message History

The sling bullet burns the adder.
You kill the adder!
You block the gnoll's attack.
The gnoll hits you from afar with a +0 spear!
The gnoll hits you with a +0 flail.
The gnoll hits you with a +1 flail of holy wrath!
The gnoll bouda hits you with a +0 club.
You shoot a sling bullet. The sling bullet hits the gnoll bouda.
The sling bullet burns the gnoll bouda.
The gnoll bouda is moderately wounded.
The gnoll completely misses you.
The gnoll bouda calls upon its god to heal the gnoll.
The gnoll's wounds heal themselves!
The gnoll closely misses you. You block the gnoll's attack.
You shoot a sling bullet. The sling bullet hits the gnoll bouda.
The sling bullet burns the gnoll bouda.
The gnoll bouda is heavily wounded.
The gnoll hits you with a +0 flail. The gnoll bouda closely misses you.
You furiously retaliate!
You headbutt the gnoll bouda. The gnoll completely misses you.
The gnoll barely misses you. The gnoll hits you but does no damage.
You shoot a sling bullet. The sling bullet hits the gnoll bouda.
The sling bullet burns the gnoll bouda.
The gnoll bouda is severely wounded.
The gnoll is no longer moving quickly.
The gnoll bouda closely misses you. The gnoll barely misses you.
The gnoll misses you.
The gnoll hits you from afar with a +0 spear.
You block the gnoll's attack.
The gnoll bouda gazes fiercely through you!
You feel your attacks grow feeble.
The gnoll bouda hits you but does no damage.
The gnoll misses you.
You shoot a sling bullet.
The sling bullet barely misses the gnoll bouda.
The sling bullet closely misses the orc.
The gnoll hits you from afar with a +0 spear!
The gnoll hits you from afar with a +0 spear.
The gnoll hits you with a +0 flail.
The gnoll hits you with a +1 flail of holy wrath!
You die...

###...### #....#######
#......## #..........#
#......##
.##..........#
#......##
.............#
#........
.)...........#
#........
.....gg......#
#........ #...gg.....#
#........
#..og@.....###........
#####......##.........
#......##.........
#.......#.......#.
#.......#.......#.
..........>......#.
###......###......#.
#......# ########.
######## #.


You could see a gnoll bouda, 4 gnolls and an orc.

Vanquished Creatures
  Robin (D:2)
  A gnoll (D:3)
  8 adders
  5 bats
  6 endoplasms
  4 giant cockroaches
  17 goblins
  9 hobgoblins
  4 jackals (D:1)
  5 kobolds
  5 quokkas
  6 ball pythons
  4 frilled lizards
  7 rats
82 creatures vanquished.

Notes
Turn   | Place    | Note
-------+----------+-------------------------------------------
     0 | D:1      | qw the Minotaur Hexslinger began the quest for the Orb.
     0 | D:1      | Reached XP level 1. HP: 16/16 MP: 1/1
     0 | D:1      | 0 ||| qw: Version: 0.3-a-46-gb1f654a
     0 | D:1      | 0 ||| qw: Game counter: 3239
     0 | D:1      | 0 ||| qw: Melee chars always use a shield: true
     0 | D:1      | 0 ||| qw: God list: Okawaru
     0 | D:1      | 0 ||| qw: Allow faded altars: false
     0 | D:1      | 0 ||| qw: Do Orc after clearing Dungeon:15 true
     0 | D:1      | 0 ||| qw: Do second Lair branch before Depths: true
     0 | D:1      | 0 ||| qw: Lair rune preference: random
     0 | D:1      | 0 ||| qw: Goals: Normal
     0 | D:1      | 0 ||| PLANNING D:1-11
   207 | D:1      | Reached skill level 3 in Ranged Weapons
   261 | D:1      | Reached XP level 2. HP: 22/23 MP: 2/2
   322 | D:1      | HP: 6/24 [quokka (2)]
   531 | D:1      | Reached XP level 3. HP: 17/29 MP: 3/3
   951 | D:1      | 951 ||| UPGRADING to +0 ring mail.
   961 | D:1      | 961 ||| DROPPING +0 robe.
   962 | D:1      | 962 ||| UPGRADING to amulet of reflection.
   967 | D:1      | 967 ||| READING scroll labelled AKOVENI KOSOCS.
   968 | D:1      | 968 ||| READING scroll labelled EDWUNUYRUG.
   969 | D:1      | 969 ||| DRINKING 2 glowing golden potions.
   970 | D:1      | 970 ||| DROPPING scroll of poison.
  1026 | D:2      | Reached skill level 4 in Ranged Weapons
  1090 | D:2      | Reached skill level 1 in Armour
  1107 | D:2      | Noticed Robin
  1128 | D:2      | Reached XP level 4. HP: 18/36 MP: 4/4
  1135 | D:2      | Killed Robin
  1470 | D:2      | Reached skill level 5 in Ranged Weapons
  1507 | D:2      | 1507 ||| SWAPPING to +1 sling of flaming.
  1508 | D:2      | 1508 ||| DROPPING +1 sling.
  1776 | D:2      | 1776 ||| UPGRADING to +0 cloak.
  1781 | D:2      | 1781 ||| READING scroll labelled ACLYAKLYOC.
  1782 | D:2      | 1782 ||| READING scroll labelled PUKAQA GUAMELU.
  1783 | D:2      | 1783 ||| READING 3 scrolls labelled HECUAR LIOFA.
  1784 | D:2      | 1784 ||| DRINKING 2 orange potions.
  1785 | D:2      | 1785 ||| READING 2 scrolls of identify.
  1785 | D:2      | 1785 ||| IDENTIFYING viscous blue potion
  1875 | D:3      | Reached skill level 3 in Fighting
  1875 | D:3      | Reached XP level 5. HP: 45/45 MP: 5/5
  2060 | D:3      | HP: 8/45 [gnoll/+0 spear[a gnoll bouda] (7)]
  2060 | D:3      | HP: 1/45 [gnoll/+0 flail[a gnoll bouda] (5)]
  2060 | D:3      | Mangled by a gnoll

Levels and vault maps discovered:
D:1:      shiori_arrival_maze, layout_loops_ring
D:2:      minmay_chambers_of_twos, layout_loops_ring, uniq_robin
D:3:      layout_basic, nicolae_elyvilon_temple_path

Skill      XL: |  1  2  3  4 |
---------------+-------------+-----
Ranged Weapons | 3 4 5 |  5.4
Fighting       | 2 3 |  3.0
Armour         | 1 |  1.0
Dodging        | |  2.1
Spellcasting   | |  1.0
Hexes          | |  2.0

Action                     |  1- 3 |  4- 6 || total
---------------------------+-------+-------++-------
   Fire: Sling             |   159 |   114 ||   273
    Use: Scroll            |     2 |     4 ||     6
         Potion            |     1 |     1 ||     2
 Armour: Robe              |    17 |       ||    17
         Ring mail         |     9 |    29 ||    38
  Dodge: Dodged            |    87 |    51 ||   138
  Block: Other             |     4 |    17 ||    21

Table legend:
 A = Non-vault XP
 B = Vault XP
 C = Vault XP percentage of total XP
 D = Non-vault monster count
 E = Vault monster count
 F = Vault count percentage of total count
                 A         B        C        D         E       F
            +---------+---------+-------+---------+---------+-------
      Total |     190 |      72 |  27.5 |      62 |      20 |  24.4
            +---------+---------+-------+---------+---------+-------
        D:1 |      52 |       3 |   5.5 |      31 |       2 |   6.1
        D:2 |      59 |      69 |  53.9 |      19 |      18 |  48.6
        D:3 |      79 |       0 |   0.0 |      12 |       0 |   0.0
            +---------+---------+-------+---------+---------+-------
